 Dungeon Crawl Stone Soup version 0.30-a0-12-gd8047c6341 (webtiles) character file.

Game seed: 6578829598528467052

9 Zeldest the Ruffian (level 2, -2/16 HPs)
             Began as a Vine Stalker Chaos Knight on Aug 23, 2022.
             Was a Plaything of Xom.
             Slain by a gnoll
             ... wielding a +0 club
              (4 damage)
             ... on level 1 of the Dungeon.
             The game lasted 00:00:18 (273 turns).

Zeldest the Ruffian (Vine Stalker Chaos Knight)      Turns: 273, Time: 00:00:19

Health: -2/16      AC:  5    Str: 14    XL:     2   Next: 16%
Magic:  0/3        EV: 11    Int: 12    God:    Xom [..*...]
Gold:   14         SH:  0    Dex: 13    Spells: 1/1 levels left

rFire   . . .      SeeInvis .      - Unarmed
rCold   . . .      Faith    .    (no shield)
rNeg    . . .      Spirit   +    a - +2 leather armour
rPois   .          Reflect  .    (no helmet)
rElec   .          Harm     .    (no cloak)
rCorr   .          Rampage  .    (no gloves)
Will    .....                    (no boots)
Stlth   +.........               (no amulet)
HPRegen 0.05/turn                (no ring)
MPRegen 0.08/turn                (no ring)

@: no status effects
A: fangs 2, magic shield, antimagic bite, no potion heal 2
a: Renounce Religion


You were on level 1 of the Dungeon.
You worshipped Xom.
You were a toy of Xom.
You visited 1 branch of the dungeon, and saw 1 of its levels.

You collected 14 gold pieces.

Inventory:

Armour
 a - a +2 leather armour (worn)
Scrolls
 c - a scroll of identify {unknown}
Miscellaneous
 b - a piece from Xom's chessboard (15/15) (quivered)


   Skills:
 + Level 2.9 Fighting
 + Level 1.8 Armour
 + Level 1.1 Dodging
 - Level 3.0 Unarmed Combat


You had one spell level left.
You didn't know any spells.
Your spell library was empty.

Dungeon Overview and Level Annotations

Branches:
Dungeon (1/15)

Altars:


Innate Abilities, Weirdness & Mutations

You have extremely sharp teeth.
When hurt, damage is shared between your health and your magic reserves.
Your bite disrupts and absorbs the magic of your enemies.
Potions cannot restore your health.


Message History

You barely miss the bat. The bat hits you but does no damage.
You barely miss the gnoll. Your bite misses the gnoll. You hit the gnoll.
Your bite misses the gnoll.
The gnoll is moderately wounded.
The bat closely misses you. The rat barely misses you.
The gnoll hits you but does no damage.
You barely miss the gnoll. Your bite misses the gnoll.
The gnoll is moderately wounded.
The rat bites you but does no damage. The gnoll hits you with a +0 club.
The bat hits you but does no damage.
You hit the gnoll. You bite the gnoll, but do no damage.
The gnoll is heavily wounded.
The bat hits you but does no damage. The rat bites you.
The gnoll hits you with a +0 club. The bat hits you but does no damage.
The rat bites you. The bat attacks as you move away! The bat misses you. x2
The bat closely misses you. The bat hits you but does no damage.
The bat barely misses you.
You hit the bat.
You kill the bat!
You hit the rat.
You kill the rat!
You hit the gnoll. You bite the gnoll. You drain its power.
You feel invigorated.
The gnoll is almost dead.
The gnoll hits you but does no damage.
You closely miss the gnoll. Your bite misses the gnoll.
The gnoll is almost dead.
The gnoll hits you with a +0 club.
You hit the gnoll but do no damage.
The gnoll is almost dead.
The gnoll hits you with a +0 club!
You closely miss the gnoll. You bite the gnoll, but do no damage.
The gnoll is almost dead.
The gnoll hits you with a +0 club.
* * * LOW HITPOINT WARNING * * *
You closely miss the gnoll.
The gnoll is almost dead.
The gnoll hits you with a +0 club.
You die...

#........##
#.........
#........#
#........#
#........#
#......g.# ##+
#........#
##..
########.#
#####...
##.....@g.#
.......<
#..########
........ #.
##..# #######'
##.. #...#
############..
#...##...#
#.............
##...#....#
#.############
#....#....#
#.#
##.........#
#.#
#..........#
#.#######


You could see a gnoll.

Vanquished Creatures
  A ball python (D:1)
  3 bats (D:1)
  A goblin (D:1)
  A frilled lizard (D:1)
  3 kobolds (D:1)
  A rat (D:1)
10 creatures vanquished.

Notes
Turn   | Place    | Note
-------+----------+-------------------------------------------
     0 | D:1      | Zeldest the Vine Stalker Chaos Knight began the quest for
                  | the Orb.
     0 | D:1      | Reached XP level 1. HP: 11/11 MP: 2/2
   111 | D:1      | XOM: divination: magic mapping
   169 | D:1      | Reached skill level 1 in Dodging
   231 | D:1      | Reached XP level 2. HP: 16/16 MP: 3/3
   273 | D:1      | Slain by a gnoll

Illustrated notes

Levels and vault maps discovered:
D:1:      giann_horns, layout_basic, hellmonk_ecumenical_altar_zigzags,
          kennysheep_flooded_box

Skill      XL: |  1 |
---------------+----+-----
Dodging        | 1 |  1.1
Fighting       | |  2.9
Armour         | |  1.8
Unarmed Combat | |  3.0

Action                   || total
-------------------------++-------
Melee: Unarmed           ||    29
       Bite              ||     5
Armor: Leather armour    ||    15
Dodge: Dodged            ||    20

Table legend: (Time is in decaauts)
 A = Elapsed time spent in this place.
 B = Non-inter-level travel time spent in this place.
 C = Inter-level travel time spent in this place.
 D = Time resting spent in this place.
 E = Time spent auto-exploring this place.
 F = Levels seen in this place.
 G = Mean time per level.
                   A        B        C        D        E       F      G
               +--------+--------+--------+--------+--------+-----+--------+
         Total |    271 |    271 |      0 |      0 |    210 |   1 |  271.0 |
       Dungeon |    271 |    271 |      0 |      0 |    210 |   1 |  271.0 |
               +--------+--------+--------+--------+--------+-----+--------+

Top non-repeatable levels by time:
     D:1: 271 daAuts
